 Dungeon Crawl Stone Soup version 0.29.1-13-g9f3cf754e1 (webtiles) character file.

Game seed: 6010796757090192543

187 wingedge the Magician (level 5, 0/38 HPs)
             Began as a Djinni Fire Elementalist on Jan 29, 2023.
             Slain by Loveship's ghost (14 damage)
             ... on level 3 of the Dungeon.
             The game lasted 00:06:49 (3204 turns).

wingedge the Magician (Djinni Fire Elementalist)    Turns: 3204, Time: 00:06:49

Health: 0/38       AC:  3    Str: 13    XL:     5   Next: 99%
Gold:   146        EV: 12    Int: 19    God:
                   SH:  0    Dex: 13

rFire   + + .      SeeInvis .   q - +0 halberd (vamp)
rCold   x . .      Faith    .   (shield currently unavailable)
rNeg    + . .      Spirit   .   l - +0 robe {rN+}
rPois   ∞          Reflect  .   c - +0 helmet
rElec   .          Harm     .   (no cloak)
rCorr   .          Rampage  .   (no gloves)
Will    .....                   (boots unavailable)
Stlth   ++........              (no amulet)
HPRegen 0.12/turn               t - +6 ring of strength
MPRegen 0.00/turn               (no ring)

@: flying, studying Evocations
A: sickness immunity, fire resistance 2, cold vulnerability 1, float, innate
caster, HP casting, extra vitality 1
a: no special abilities


You were on level 3 of the Dungeon.
You visited 1 branch of the dungeon, and saw 3 of its levels.

You collected 146 gold pieces.

Inventory:

Hand Weapons
 d - a +0 whip
 q - a +0 vampiric halberd (weapon)
 r - a +2 halberd of venom
Missiles
 j - 2 throwing nets
Armour
 a - a +0 robe
 c - a +0 helmet (worn)
 l - a +0 robe of positive energy (worn)
Jewellery
 t - a +6 ring of strength (left hand)
Wands
 k - a wand of digging (4)
 n - a wand of flame (11)
 s - a wand of polymorph (16)
Scrolls
 b - 7 scrolls of identify {unknown}
 e - a scroll of noise {unknown}
 f - 2 scrolls of teleportation {unknown}
 h - a scroll of blinking {unknown}
 i - a scroll of magic mapping {unknown}
 o - a scroll of enchant weapon {unknown}
 p - a scroll of poison {unknown}
Potions
 g - 2 potions of might {unknown}
 m - a potion of invisibility {unknown}


   Skills:
 + Level 2.3 Fighting
 - Level 3.0 Dodging
 - Level 2.0 Stealth
 * Level 3.9 Spellcasting


You couldn't memorise any spells.
You knew the following spells:

 Your Spells              Type           Power      Damage    Failure   Level
a - Foxfire               Conj/Fire      72%        2x1d7     2%          1
b - Scorch                Fire           36%        2d6       4%          2
c - Conjure Flame         Conj/Fire      18%        6-21      9%          3
d - Inner Flame           Hex/Fire       18%        N/A       9%          3
e - Flame Wave            Conj/Fire      18%        2d7       26%         4
f - Beastly Appendage     Tmut           36%        N/A       2%          1
g - Blink                 Tloc           36%        N/A       4%          2
Your spell library was empty.

Dungeon Overview and Level Annotations

Branches:
Dungeon (3/15)

Altars:

Annotations:
D:3 1 transporter, Loveship's ghost, amateur MiFi


Innate Abilities, Weirdness & Mutations

You are immune to sickness and miasma.
You are immune to poison.
Your flesh is very heat resistant. (rF++)
You are vulnerable to cold. (rC-)
You float through the air rather than walking.
You learn spells naturally, not from books.
Your magical power is your life essence.
You have superior vitality. (+4 MHP)


Message History

a +0 club; a +0 halberd A gnoll is nearby!
Loveship's ghost (amateur Minotaur Fighter) comes into view.
Found a manual of Evocations.
Casting: Scorch (safe; 4% risk of failure)
Confirm with . or Enter, or press ? or * to list all spells.
Flames lash the gnoll.
The gnoll is severely wounded.
The gnoll's fire resistance burns away.
Loveship's ghost turns its malevolent gaze towards you.
Casting: Scorch (safe; 4% risk of failure)
Confirm with . or Enter, or press ? or * to list all spells.
Flames lash the gnoll.
The gnoll is burned terribly!
You kill the gnoll!
Unknown command.
Unknown command.
Press: ? - help, v - describe, . - travel, g - get item Item here: a manual of Evocations.
The floor.
You see here a +0 spear.
There is an open translucent door here.
You see here a manual of Evocations.
You pick up a manual of Evocations and begin studying.
t - a +6 ring of strength
There are no items here.
You feel stronger.
t - a +6 ring of strength (left hand)
Casting: Scorch (safe; 4% risk of failure)
Confirm with . or Enter, or press ? or * to list all spells.
Flames lash Loveship's ghost.
Loveship's ghost is lightly damaged.
Loveship's ghost's fire resistance burns away.
Loveship's ghost hits you but does no damage.
Casting: Scorch (safe; 4% risk of failure)
Confirm with . or Enter, or press ? or * to list all spells.
Flames lash Loveship's ghost.
Loveship's ghost is burned terribly!
Loveship's ghost is moderately damaged.
Loveship's ghost whispers, "The ORB doesn't exist."
Loveship's ghost hits you!
You die...

#.≈≈≈≈≈≈≈≈~≈≈≈≈
#.≈≈≈≈≈≈≈≈~≈≈≈≈
#.≈≈####.....####
#.≈≈#..#8###8#..
#.≈≈##.###.###.##
#.≈≈#...........#≈≈.##
#.≈≈###.##'##.###≈≈.. ...
#.≈≈..#.#.W.#.#.)≈≈.# #..
#.≈≈.##)#.@.#.##.≈≈.# #.#
#.≈≈.#..#...#..#.≈≈.# #.##
#.≈≈.##.#####.##.≈≈.####...
###.≈≈..#.#8⌠8#.#.....#......
#...~~(©#.).©)).#©....#.##.#.
#.#.≈≈..#.#...#)#..........#.
#.#.≈≈.##.##.##.##.≈≈.#.#....
#.#.≈≈.#©.#...#..#.≈≈.#.#.##.
#.#.≈≈.##.#⌠†⌠#.##.≈≈.#.#....


You could see Loveship's ghost (combustible).

Vanquished Creatures
  Jessica (D:3)
  8 gnolls (D:3)
  2 adders (D:2)
  2 worms
  A dart slug (D:3)
  3 orcs (D:3)
  5 ball pythons
  3 bats
  4 endoplasms
  2 giant cockroaches
  7 goblins
  A hobgoblin (D:3)
  9 jackals
  A kobold (D:1)
  A quokka (D:1)
  3 frilled lizards
  3 rats
56 creatures vanquished.

Vanquished Creatures (others)
  39 foxfires (D:1)
  6 plants (D:3)
45 creatures vanquished.

Grand Total: 101 creatures vanquished

Notes
Turn   | Place    | Note
-------+----------+-------------------------------------------
     0 | D:1      | wingedge the Djinni Fire Elementalist began the quest for
                  | the Orb.
     0 | D:1      | wingedge set off with the following spells memorised:
                  | Foxfire, Scorch, Conjure Flame, Inner Flame, Flame Wave.
     0 | D:1      | Reached XP level 1. HP: 15/15 MP: 0/0
   355 | D:1      | Reached XP level 2. HP: 19/21 MP: 0/0
   814 | D:1      | Reached XP level 3. HP: 14/25 MP: 0/0
   814 | D:1      | Learned a level 1 spell: Beastly Appendage
   988 | D:1      | Found a faded altar of an unknown god.
  1836 | D:2      | Reached skill level 1 in Fighting
  1836 | D:2      | Reached XP level 4. HP: 27/32 MP: 0/0
  2588 | D:3      | Noticed Jessica
  2593 | D:3      | Killed Jessica
  2594 | D:3      | Reached XP level 5. HP: 34/37 MP: 0/0
  2594 | D:3      | Learned a level 2 spell: Blink
  2969 | D:3      | Found a transporter.
  3048 | D:3      | Found a transporter.
  3184 | D:3      | Noticed Loveship's ghost (amateur MiFi)
  3204 | D:3      | Slain by Loveship's ghost

Illustrated notes

Levels and vault maps discovered:
D:1:      roderic_chinese_lattice_arrival, layout_basic,
          ebering_ecumenical_altar_hall
D:2:      layout_basic, dreamdust_mushroom_princess
D:3:      layout_basic, gammafunk_ghost_gnarly_gnolls,
          chequers_serial_rivers_micro_b, serial_bayou_crossing, uniq_jessica

Skill      XL: |  1  2  3  4  5 |
---------------+----------------+-----
Stealth        | 2 |  2.0
Dodging        | 3 |  3.0
Spellcasting   | 3 |  3.9
Fighting       | 1 2 |  2.3

Action                   |  1- 3 |  4- 6 || total
-------------------------+-------+-------++-------
Melee: Unarmed           |     2 |     8 ||    10
       Whip              |     1 |       ||     1
 Cast: Foxfire           |    24 |       ||    24
       Scorch            |    22 |    37 ||    59
Evoke: Wand              |       |     9 ||     9
 Stab: Confused          |       |     1 ||     1
Armor: Robe              |       |     5 ||     5
       Skin              |       |     1 ||     1
Dodge: Dodged            |     3 |    27 ||    30
